 Dungeon Crawl Stone Soup version 0.26-a0-597-gb535b0901c (webtiles) character file.

Game seed: 17662666061574381726

44 Lanoc the Chiller (level 3, -5/24 HPs)
             Began as a Formicid Ice Elementalist on Sept 8, 2020.
             Killed by divine providence
             ... invoked by an orc priest
              (13 damage)
             ... on level 3 of the Dungeon.
             The game lasted 00:01:34 (923 turns).

Lanoc the Chiller (Formicid Ice Elementalist)        Turns: 923, Time: 00:01:35

Health: -5/24      AC:  2    Str: 12    XL:     3   Next: 85%
Magic:  3/6        EV: 12    Int: 15    God:
Gold:   83         SH:  0    Dex: 11    Spells: 2/6 levels left

rFire    . . .     SeeInvis +   b - +3 dagger
rCold    . . .     Faith    .   (no shield)
rNeg     . . .     Spirit   .   a - +0 robe
rPois    .         Reflect  .   (helmet unavailable)
rElec    .         Harm     .   (no cloak)
rCorr    .                      (no gloves)
MR       .....                  (no boots)
Stlth    ++........             (no amulet)
HPRegen  0.08/turn              (no ring)
MPRegen  0.10/turn              (no ring)

@: frozen ramparts
A: permanent stasis, dig shafts and tunnels, four strong arms, antennae 3
a: Dig, Shaft Self


You were on level 3 of the Dungeon.
You visited 1 branch of the dungeon, and saw 3 of its levels.

You collected 83 gold pieces.

Inventory:

Hand Weapons
 b - a +3 dagger (weapon)
Armour
 a - a +0 robe (worn)
Scrolls
 c - a scroll of remove curse {unknown}
 e - a scroll of teleportation {unknown}
 f - a scroll of enchant armour {unknown}
Potions
 d - a potion of flight {unknown}
 g - a potion of stabbing {unknown}


   Skills:
 + Level 2.4 Dodging
 - Level 2.4 Stealth
 - Level 2.1 Spellcasting
 * Level 4.9 Ice Magic


You had 2 spell levels left.
You knew the following spells:

 Your Spells              Type           Power        Failure   Level
a - Freeze                Ice            ###.         3%          1
b - Frozen Ramparts       Ice            ###...       9%          3

Your spell library contained the following spells:

 Spells                   Type           Power        Failure   Level
 Ozocubu's Armour         Ice            ###.....     9%          3
 Hailstorm                Conj/Ice       #.......     63%         4
 Summon Ice Beast         Ice/Summ       #.......     63%         4


Dungeon Overview and Level Annotations

Branches:
Dungeon (3/15)

Altars:


Innate Abilities, Weirdness & Mutations

You cannot be hasted, slowed, berserked, paralysed or teleported.
You can dig through walls and to a lower floor.
Your four strong arms can wield two-handed weapons with a shield.
You have a pair of large antennae on your head. (SInv)


Message History

Pain shoots through your body!
* * * LOW HITPOINT WARNING * * *
An orc priest is nearby!
You see here a lumpy red potion.
You see here a dagger.
Found a robe.
You start resting.
An orc priest is nearby!
Casting: Frozen Ramparts (quite dangerous; 9% risk of failure)
Confirm with . or Enter, or press ? or * to list all spells.
The spell is quite dangerous to cast (9% risk of failure)!
Continue anyway?
The walls around you are covered in ice.
The wall freezes the orc priest.
You completely miss the orc priest.
The orc priest is moderately wounded.
The wall freezes the orc priest.
The orc priest calls down the wrath of Beogh upon you.
Beogh smites you!
Ouch! That really hurt!
You die...

#......#
#.#.
#......#
#...
#...!###
###. #...o#
#. #....#
#. ####.#
#. #.# #.
##..#####.#
#.
.....[.@o.#
..
##...####.#
#. { #.#
#.. #...
#....
#.....
.#####


You could see an orc priest.

Vanquished Creatures
  A worker ant zombie (D:3)
  An adder (D:3)
  2 orcs (D:3)
  4 bats
  3 giant cockroaches (D:1)
  5 goblins (D:1)
  A hobgoblin (D:3)
  A kobold (D:3)
  4 rats
22 creatures vanquished.

Notes
Turn   | Place    | Note
-------+----------+-------------------------------------------
     0 | D:1      | Lanoc the Formicid Ice Elementalist began the quest for the
                  | Orb.
     0 | D:1      | Reached XP level 1. HP: 13/13 MP: 3/3
    98 | D:1      | Reached XP level 2. HP: 19/19 MP: 1/5
   510 | D:3      | Reached XP level 3. HP: 21/24 MP: 3/6
   626 | D:3      | Learned a level 3 spell: Frozen Ramparts
   923 | D:3      | Killed from afar by an orc priest

Illustrated notes

Levels and vault maps discovered:
D:1:      scummos_arrival_hexagon, layout_loops_corners, minmay_close_crescents
D:2:      layout_basic
D:3:      layout_basic

Skill      XL: |  1 |
---------------+----+-----
Dodging        | 2 |  2.4
Stealth        | |  2.4
Spellcasting   | |  2.1
Ice Magic      | |  4.9

Action                   || total
-------------------------++-------
Melee: Dagger            ||    39
 Cast: Freeze            ||    17
       Frozen Ramparts   ||     2
 Stab: Sleeping          ||     2
Armor: Robe              ||    13
Dodge: Dodged            ||    46

Table legend: (Time is in decaauts)
 A = Elapsed time spent in this place.
 B = Non-inter-level travel time spent in this place.
 C = Inter-level travel time spent in this place.
 D = Time resting spent in this place.
 E = Time spent auto-exploring this place.
 F = Levels seen in this place.
 G = Mean time per level.
                   A        B        C        D        E       F      G
               +--------+--------+--------+--------+--------+-----+--------+
         Total |    921 |    894 |     27 |      6 |    720 |   3 |  307.0 |
       Dungeon |    921 |    894 |     27 |      6 |    720 |   3 |  307.0 |
               +--------+--------+--------+--------+--------+-----+--------+

Top non-repeatable levels by time:
     D:3: 417 daAuts
     D:1: 312 daAuts
     D:2: 190 daAuts
